 Dungeon Crawl Stone Soup version 0.32-a0-913-g739538afd8 (webtiles) character file.

Game seed: 7417574971220671166

1532 tajemnic the Basher (level 8, -9/67 HPs)
             Began as a Mountain Dwarf Artificer on Apr 8, 2024.
             Was an Initiate of the Shining One.
             Mangled by a +0 heavy glaive (11 damage)
             ... created by the rancor of the Wu Jian Council
             ... on level 6 of the Dungeon.
             The game lasted 00:11:31 (4746 turns).

tajemnic the Basher (Mountain Dwarf Artificer)      Turns: 4746, Time: 00:11:31

Health: -9/67      AC: 18    Str: 17    XL:     8   Next: 55%
Magic:  0/8        EV:  7    Int: 12    God:    the Shining One [......]
Gold:   335        SH:  0    Dex: 10    Spells: 7/7 levels left

rFire   + . .        i - +5 flail (protect)
rCold   + . .        (no shield)
rNeg    . . .        j - +1 chain mail {rC+}
rPois   .            (helmet restricted)
rElec   .            h - +1 cloak
rCorr   .            (no gloves)
SInv    .            n - +0 pair of boots
Will    .....        p - amulet of guardian spirit Stlth
                     e - +4 ring of protection
HPRegen 0.31/turn    r - ring of protection from fire
MPRegen 0.11/turn

%: guardian spirit
@: mighty, weak-willed, corroded, under a protective aura, slowed, glowing, very
slow
A: runic magic, artefact enchanting, antennae 1, hooves 1
a: Renounce Religion


You were on level 6 of the Dungeon.
You worshipped the Shining One.
The Shining One was noncommittal.
You visited 1 branch of the dungeon, and saw 6 of its levels.

You collected 335 gold pieces.

Inventory:

Hand Weapons
 a - a +0 club
 f - a +3 whip of electrocution
 i - a +5 flail of protection (weapon)
 x - a +1 heavy hand axe
Armour
 b - a +3 scale mail of cold resistance
 h - a +1 cloak (worn)
 j - a +1 chain mail of cold resistance (worn)
 n - a +0 pair of boots (worn)
 A - a +0 helmet
Jewellery
 e - a +4 ring of protection (left hand)
 l - a ring of protection from fire
 p - an amulet of guardian spirit (around neck)
 r - a ring of protection from fire (right hand)
Wands
 c - a wand of flame (19) (quivered)
 d - a wand of charming (15)
 q - a wand of quicksilver (12)
 w - a wand of mindburst (8)
Scrolls
 g - a scroll of enchant weapon
Potions
 m - a potion of ambrosia
 o - 3 potions of enlightenment
 s - 3 potions of heal wounds
 u - a potion of degeneration
 v - 5 potions of curing


   Skills:
 + Level 4.4 Fighting
 + Level 8.1 Maces & Flails
 + Level 6.9 Armour
 - Level 0.6 Dodging
 - Level 0.6 Stealth
 + Level 5.4 Evocations


You had 7 spell levels left.
You didn't know any spells.
Your spell library contained the following spells:

 Spells                   Type           Power      Damage    Failure   Level
 Magic Dart               Conj           0%         1d3       50%         1
 Blink                    Tloc           0%         N/A       63%         2
 Call Imp                 Summ           0%         N/A       63%         2
 Hailstorm                Conj/Ice       0%         3d5       86%         3
 Sigil of Binding         Hex            0%         N/A       86%         3
 Summon Ice Beast         Ice/Summ       0%         N/A       86%         3
 Death Channel            Necr           0%         N/A       100%        6
 Permafrost Eruption      Ice/Erth       0%         2x4d1     100%        6
 Sculpt Simulacrum        Ice/Alch       0%         N/A       100%        6


Dungeon Overview and Level Annotations

Branches:
Dungeon (6/15)             Temple (0/1) D:6

Altars:
Elyvilon
Nemelex Xobeh
Vehumet
Wu Jian
The Shining One


Innate Abilities, Weirdness & Mutations

Your spellcasting is much less encumbered by armour.
You can use scrolls of enchantment on lesser artefacts.
You have a pair of small antennae on your head.
You have large cloven feet.


Message History

The +0 heavy glaive barely misses you.
The +0 quarterstaff of speed hits you but does no damage.
The +0 quarterstaff of speed hits you!
As you read the scroll labelled EGUAH XEUCKASE, it crumbles to dust.
A wave of despondency washes over your surroundings.
It was a scroll of vulnerability.
The +0 quarterstaff of speed barely misses you.
The +4 glaive of flaming hits you but does no damage.
The +0 quarterstaff of speed hits you but does no damage.
The +0 heavy glaive closely misses you.
The +0 quarterstaff of speed hits you but does no damage.
The +4 glaive of flaming hits you! The +4 glaive of flaming burns you.
The +0 quarterstaff of speed barely misses you.
You feel very mighty all of a sudden.
The +0 quarterstaff of speed closely misses you.
The +0 heavy glaive barely misses you. The +4 glaive of flaming hits you!
The +4 glaive of flaming burns you. The +0 quarterstaff of speed hits you!
The +4 glaive of flaming hits you! The +4 glaive of flaming burns you.
The +0 quarterstaff of speed hits you but does no damage.
The +0 heavy glaive hits you from afar. The +0 quarterstaff of speed hits you.
* * * LOW HITPOINT WARNING * * *
You sock the +4 glaive of flaming!
Your weapon exudes an aura of protection.
You destroy the +4 glaive of flaming!
That felt strangely unrewarding.
The +0 quarterstaff of speed hits you but does no damage. x3
The +0 heavy glaive hits you from afar!
* * * LOW HITPOINT WARNING * * *
The +0 quarterstaff of speed hits you but does no damage.
The +0 heavy glaive hits you.
* * * LOW HITPOINT WARNING * * *
The +0 quarterstaff of speed hits you but does no damage.
The +0 quarterstaff of speed hits you.
* * * LOW HITPOINT WARNING * * *
You hit the +0 heavy glaive.
Your weapon exudes an aura of protection.
The +0 heavy glaive is lightly damaged.
The +0 quarterstaff of speed hits you but does no damage.
The +0 heavy glaive hits you!
You die...

### #..
#.# #.#
#.# #.#
#(# #@#
#######(#
.....§§(#
#######§#
#.# #.#
#.# #.#
#.#.#


You could see 3 dancing weapons.

Vanquished Creatures
  A dancing weapon (D:6)
  Sigmund (D:3)
  Edmund (D:4)
  3 ogres
  A kobold brigand (D:6)
  3 phantoms
  A gnoll sergeant (D:6)
  A scorpion (D:6)
  2 howler monkeys (D:6)
  2 jellies
  2 hounds
  A bombardier beetle (D:4)
  Crazy Yiuf (D:3)
  Jessica (D:3)
  3 iguanas
  Terence (D:3)
  Ijyb (D:4)
  4 gnolls (D:6)
  6 adders
  A white imp (D:5)
  2 ufetubi (D:6)
  2 dart slugs
  A bat (D:1)
  9 endoplasms
  4 giant cockroaches
  9 goblins
  5 hobgoblins
  6 jackals (D:2)
  A quokka (D:3)
  6 ball pythons
  2 frilled lizards
  13 kobolds
  5 rats
102 creatures vanquished.

Notes
Turn   | Place    | Note
-------+----------+-------------------------------------------
     0 | D:1      | tajemnic the Mountain Dwarf Artificer began the quest for
                  | the Orb.
     0 | D:1      | Reached XP level 1. HP: 16/16 MP: 1/1
   137 | D:1      | Reached XP level 2. HP: 23/23 MP: 2/2
   316 | D:1      | Reached skill level 1 in Maces & Flails
   596 | D:2      | Reached XP level 3. HP: 28/28 MP: 3/3
   982 | D:2      | Reached skill level 2 in Maces & Flails
  1407 | D:3      | Noticed Sigmund
  1412 | D:3      | Killed Sigmund
  1413 | D:3      | Reached skill level 4 in Maces & Flails
  1413 | D:3      | Reached XP level 4. HP: 36/36 MP: 4/4
  1413 | D:3      | Reached XP level 5. HP: 41/41 MP: 5/5
  1596 | D:3      | Noticed Jessica
  1602 | D:3      | Killed Jessica
  1694 | D:3      | Noticed Terence
  1695 | D:3      | Killed Terence
  1696 | D:3      | Reached XP level 6. HP: 49/49 MP: 6/6
  1807 | D:3      | Found a runed translucent door.
  1808 | D:3      | Noticed Crazy Yiuf
  2305 | D:3      | Gained mutation: You have a pair of small antennae on your
                  | head. [potion of mutation]
  2305 | D:3      | Gained mutation: You have large cloven feet. [potion of
                  | mutation]
  2310 | D:3      | Killed Crazy Yiuf
  2367 | D:4      | Found an ornate altar of the Wu Jian Council.
  2384 | D:4      | Noticed a spectral centipede
  2384 | D:4      | Noticed a spectral black mamba
  2384 | D:4      | Noticed a spectral cane toad
  2385 | D:4      | Became a worshipper of the Wu Jian Council
  2417 | D:4      | Noticed Ijyb
  2420 | D:4      | Noticed Edmund
  2421 | D:4      | Killed Ijyb
  2422 | D:4      | Reached skill level 5 in Maces & Flails
  2439 | D:4      | Killed Edmund
  2558 | D:4      | Reached XP level 7. HP: 56/56 MP: 7/7
  2649 | D:4      | Reached skill level 5 in Armour
  2900 | D:5      | Entered Level 5 of the Dungeon
  2937 | D:5      | Reached skill level 6 in Maces & Flails
  3333 | D:5      | Found a radiant altar of Vehumet.
  3439 | D:5      | Found a white marble altar of Elyvilon.
  3477 | D:5      | Found a glowing golden altar of the Shining One.
  3507 | D:5      | Found a sparkling altar of Nemelex Xobeh.
  3544 | D:5      | Fell from the grace of Wu Jian
  3544 | D:5      | Became a worshipper of the Shining One
  4129 | D:6      | Reached skill level 5 in Evocations
  4130 | D:6      | HP: 2/58 [howler monkey (3)]
  4133 | D:6      | Reached skill level 7 in Maces & Flails
  4133 | D:6      | Reached XP level 8. HP: 2/66 MP: 1/8
  4366 | D:6      | Found a staircase to the Ecumenical Temple.
  4603 | D:6      | Reached skill level 8 in Maces & Flails
  4740 | D:6      | Noticed a +0 heavy glaive
  4740 | D:6      | Noticed a +0 quarterstaff of speed
  4740 | D:6      | Noticed a +4 glaive of flaming
  4740 | D:6      | Noticed a +3 dire flail of speed
  4744 | D:6      | Killed a +4 glaive of flaming
  4745 | D:6      | HP: 2/67 [+0 quarterstaff of speed[the rancor of the Wu
                  | Jian Council] (4)]
  4746 | D:6      | Mangled by a +0 heavy glaive

Illustrated notes

Levels and vault maps discovered:
D:1:      minmay_arrival_three_doors, layout_rooms
D:2:      layout_basic
D:3:      layout_loops_corners, serial_glass, glass_columns_b, glass_columns_a,
          glass_columns_b, glass_columns_a, glass_columns_b, glass_columns_a,
          uniq_sigmund, uniq_crazy_yiuf_cottage, uniq_jessica, uniq_terence
D:4:      layout_cave_pools, pdpol_wu_jian_five_deadly_venoms, uniq_ijyb,
          uniq_edmund
D:5:      layout_layer_cave, mainiacjoe_overflow_boulevard, old_standard_altar,
          mainiacjoe_overflow_swirl
D:6:      layout_basic, minmay_temple_entry_mini_moons,
          kennysheep_generic_room_16

Skill      XL: |  1  2  3  4  5  6  7  8 |
---------------+-------------------------+-----
Maces & Flails | 1 4 5 7 8 |  8.1
Evocations     | 4 5 |  5.4
Fighting       | 2 3 4 |  4.4
Armour         | 3 4 5 6 |  6.9
Dodging        | |  0.6
Stealth        | |  0.6

Action                     |  1- 3 |  4- 6 |  7- 9 || total
---------------------------+-------+-------+-------++-------
  Melee: Club              |    16 |       |       ||    16
         Whip              |   104 |    67 |       ||   171
         Flail             |       |     5 |   106 ||   111
Ability: Lunge             |       |     1 |     2 ||     3
  Evoke: Wand              |     5 |     7 |    13 ||    25
    Use: Potion            |       |     4 |     1 ||     5
         Scroll            |       |     2 |     8 ||    10
 Armour: Leather armour    |    30 |       |       ||    30
         Ring mail         |    41 |       |       ||    41
         Scale mail        |     4 |    16 |       ||    20
         Chain mail        |       |    24 |   154 ||   178
  Dodge: Dodged            |    59 |    25 |    72 ||   156

Table legend: (Time is in decaauts)
 A = Elapsed time spent in this place.
 B = Non-inter-level travel time spent in this place.
 C = Inter-level travel time spent in this place.
 D = Time resting spent in this place.
 E = Time spent auto-exploring this place.
 F = Levels seen in this place.
 G = Mean time per level.
                   A        B        C        D        E       F      G
               +--------+--------+--------+--------+--------+-----+--------+
         Total |   4751 |   4511 |    240 |      0 |   3657 |   6 |  791.8 |
       Dungeon |   4751 |   4511 |    240 |      0 |   3657 |   6 |  791.8 |
               +--------+--------+--------+--------+--------+-----+--------+

Top non-repeatable levels by time:
     D:3: 1177 daAuts
     D:5: 1134 daAuts
     D:6: 718 daAuts
     D:2: 651 daAuts
     D:4: 555 daAuts
     D:1: 515 daAuts
